 Dungeon Crawl Stone Soup version 0.31-a0-1555-g5715333c33 (webtiles) character file.

Game seed: 13053095393234343083

476349 Bizboz the Cryomancer (level 26, -3/190 (195) HPs)
             Began as a Djinni Alchemist on Jan 2, 2024.
             Was the Champion of Ashenzari.
             Killed from afar by a molten gargoyle (18 damage)
             ... with a bolt of magma
             ... in the Vestibule of Hell on Jan 3, 2024.
             The game lasted 06:10:54 (47487 turns).

Bizboz the Cryomancer (Djinni Alchemist)           Turns: 47487, Time: 06:10:55

HP:   -3/190 (195)  AC: 19    Str:  7    XL:     26   Next: 2%
Gold: 2624          EV: 28    Int: 27    God:    Ashenzari [******] SH:  0 Dex: 14

rFire   + + +        E - staff of the Elysian Seer (curse) {rC+ Ice, Dev, Sorc} (curse)
rCold   + + .        H - orb "Prophetic Secrets" {light, Elem, Cun} (curse)
rNeg    . . .        K - +5 moon troll leather armour {Spirit, Regen++ MP+5, Sorc, Comp} (curse)
rPois   ∞            n - +0 helmet of Star-Bound Wisdom {Bglg, Comp} (curse)
rElec   .            A - +1 cloak of Ashenzari's Doubts {rC+, Range, Melee} (curse)
rCorr   +            x - +2 pair of gloves of the Cursed Omen {Bglg, Melee} (curse)
SInv    +            (boots unavailable)
Will    ++...        G - amulet of Apeoromancy {Regen+, Sorc, Range} (curse)
Stlth   +            c - ring of the Chained Sky {rCorr, Elem, Cun} (curse)
HPRegen 2.91/turn    I - ring of Panopticon {rF+ rC+ EV+5 Dex-2, Sorc, Melee} (curse)
MPRegen 0.00/turn

%: clarity, guardian spirit, infuse magic (-4 HP)
@: marked, flying, hasted, glowing, studying 3 skills, lightly drained, very
quick
A: sickness immunity, fire resistance 2, cold vulnerability 1, float, innate
caster, HP casting, extra vitality 1
}: 2/15 runes: decaying, serpentine
a: Renounce Religion, Shatter the Chains


You were in the Vestibule of Hell.
You worshipped Ashenzari.
Ashenzari was exalted by your worship.
You visited 11 branches of the dungeon, and saw 46 of its levels.
You visited the Abyss 1 time.
You also visited: Ossuary, Gauntlet, Ice Cave and Volcano.

You collected 6436 gold pieces.
You spent 3812 gold pieces at shops.

Inventory:

Armour
 n - the cursed +0 helmet of Star-Bound Wisdom (worn) {Bglg, Comp}
   (You found it on level 6 of the Dungeon)

   It has a curse which improves the following skills: Beguiling: Hexes and
   Translocations.
   Companions: Summonings and Necromancy.
 x - the cursed +2 pair of gloves of the Cursed Omen (worn) {Bglg, Melee}
   (You found it on level 1 of the Vaults)

   It has a curse which improves the following skills: Beguiling: Hexes and
   Translocations.
   Melee Combat: Short Blades, Long Blades, Axes, Maces & Flails, Polearms,
   Staves and Unarmed Combat.
 A - the cursed +1 cloak of Ashenzari's Doubts (worn) {rC+, Range, Melee}
   (You found it in an ice cave)

   It has a curse which improves the following skills: Ranged Combat: Ranged
   Weapons and Throwing.
   Melee Combat: Short Blades, Long Blades, Axes, Maces & Flails, Polearms,
   Staves and Unarmed Combat.
 H - the cursed orb "Prophetic Secrets" (worn) {light, Elem, Cun}
   (You found it in a Gauntlet)

   It has a curse which improves the following skills: Elements: Fire Magic, Ice
   Magic, Air Magic and Earth Magic.
   Cunning:   Dodging and Stealth.
 K - the cursed +5 moon troll leather armour (worn) {Spirit, Regen++ MP+5, Sorc, Comp}
   (You found it in a Gauntlet)

   MP+5:      It affects your magic capacity (+5).
   Regen++:   It increases your rate of health regeneration.
   It has a curse which improves the following skills: Sorcery: Conjurations and
   Alchemy.
   Companions: Summonings and Necromancy.
 X - the orb of Somewhere Else {*channel, Int-2 Conj Air}
   (You took it off Frederick on level 2 of the Vaults)

   Int-2:     It affects your intelligence (-2).
   Conj:      It increases the power of your Conjurations spells.
   Air:       It increases the power of your Air spells.
Magical Staves
 E - the cursed staff of the Elysian Seer (weapon) {rC+ Ice, Dev, Sorc}
   (You found it on level 2 of the Elven Halls)

   [staff of cold]

   Base accuracy: +5 Base damage: 5 Base attack delay: 1.2 This weapon's minimum
   attack delay (0.6) is reached at skill level 12.
   rC+:       It protects you from cold.
   Ice:       It increases the power of your Ice spells.
   It falls into the 'Staves' category.
   It is a one-handed weapon.
   It has a curse which improves the following skills: Devices: Evocations and
   Shapeshifting.
   Sorcery:   Conjurations and Alchemy.
Jewellery
 a - a +6 ring of dexterity
 c - the cursed ring of the Chained Sky (left hand) {rCorr, Elem, Cun}
   (You found it on level 1 of the Lair of Beasts)

   [ring of resist corrosion]

   rCorr:     It protects you from acid and corrosion.
   It has a curse which improves the following skills: Elements: Fire Magic, Ice
   Magic, Air Magic and Earth Magic.
   Cunning:   Dodging and Stealth.
 G - the cursed amulet of Apeoromancy (around neck) {Regen+, Sorc, Range}
   (You bought it in a shop on level 5 of the Dungeon)

   [amulet of regeneration]

   Regen+:    It increases your rate of health regeneration.
   It has a curse which improves the following skills: Sorcery: Conjurations and
   Alchemy.
   Ranged Combat: Ranged Weapons and Throwing.
 I - the cursed ring of Panopticon (right hand) {rF+ rC+ EV+5 Dex-2, Sorc, Melee}
   (You found it in a Gauntlet)

   [ring of evasion]

   EV+5:      It affects your evasion (+5).
   Dex-2:     It affects your dexterity (-2).
   rF+:       It protects you from fire.
   rC+:       It protects you from cold.
   It has a curse which improves the following skills: Sorcery: Conjurations and
   Alchemy.
   Melee Combat: Short Blades, Long Blades, Axes, Maces & Flails, Polearms,
   Staves and Unarmed Combat.
 T - the ring of Winter {Ice Fly Str+5 Dex-4 Stlth+}
   (You found it on level 3 of the Lair of Beasts)

   [ring of ice]

   Ice:       It enhances your ice magic.
   Str+5:     It affects your strength (+5).
   Dex-4:     It affects your dexterity (-4).
   rF-:       It makes you vulnerable to fire.
   rC+:       It protects you from cold.
   Fly:       It grants you flight.
   Stlth+:    It makes you more stealthy.
Talismans
 F - the granite talisman of the Ghostly God {rCorr Str-4 Dex-3 SInv}
   (You took it off Roxanne on level 2 of the Elven Halls)

   [granite talisman]

   Str-4:     It affects your strength (-4).
   Dex-3:     It affects your dexterity (-3).
   SInv:      It lets you see invisible.
   rCorr:     It protects you from acid and corrosion.
Wands
 q - a wand of iceblast (24)
 u - a wand of polymorph (36)
 B - a wand of quicksilver (35)
 C - a wand of charming (36)
 M - a wand of flame (62)
Scrolls
 g - 2 scrolls of summoning
 i - 8 scrolls of poison
 o - 8 scrolls of teleportation
 p - 4 scrolls of brand weapon
 r - 10 scrolls of fear
 s - 4 scrolls of noise
 t - 4 scrolls of revelation
 z - 5 scrolls of fog
 D - 8 scrolls of vulnerability
 J - 9 scrolls of immolation
 O - 2 scrolls of blinking
 Q - 7 scrolls of enchant weapon
 R - 5 scrolls of enchant armour
 V - 2 scrolls of torment
 W - 2 scrolls of silence
Potions
 b - 7 potions of brilliance
 d - 8 potions of attraction
 f - 8 potions of might
 h - 15 potions of curing
 j - 9 potions of enlightenment
 k - 2 potions of resistance
 l - 4 potions of invisibility
 m - 9 potions of ambrosia
 v - 2 potions of lignification
 w - 5 potions of heal wounds
 U - a potion of haste
Miscellaneous
 y - a lightning rod (4/4)
 L - a phantom mirror


   Skills:
 + Level 18.4 Fighting
 + Level 13.0(17.7) Staves
 + Level 2.8(5.7) Throwing
 + Level 20.6 Armour
 + Level 20.0(23.3) Dodging
 - Level 1.5(3.9) Stealth
 * Level 19.1 Spellcasting
 * Level 21.4(26.7) Conjurations
 * Level 19.1(22.4) Hexes
 * Level 19.1(22.4) Summonings
 * Level 19.1(22.4) Necromancy
 * Level 19.1(22.4) Translocations
 * Level 19.1(22.4) Fire Magic
 * Level 22.7(25.9) Ice Magic
 * Level 19.1(22.4) Air Magic
 * Level 19.1(22.4) Earth Magic
 * Level 19.1(24.5) Alchemy
 + Level 17.0(19.2) Evocations
 + Level 4.4(6.7) Shapeshifting


You knew the following spells:

 Your Spells              Type           Power      Damage    Failure   Level
a - Sting                 Conj/Alch      100%       1d9       0%          1
b - Mercury Vapours       Alch/Air       100%       N/A       0%          2
c - Mephitic Cloud        Conj/Alch/Air  100%       N/A       0%          3
d - Olgreb's Toxic Radia  Alch           100%       N/A       0%          4
e - Sticky Flame          Fire/Alch      100%       2d15      0%          4
f - Necrotise             Necr           100%       1d9       0%          1
g - Scorch                Fire           100%       2d9       0%          2
h - Sigil of Binding      Hex            98%        N/A       0%          3
i - Dispel Undead         Necr           98%        3d31      0%          4
j - Flame Wave            Conj/Fire      100%       2d21      0%          4
k - Summon Forest         Summ/Tloc      49%        N/A       0%          5
l - Bombard               Conj/Erth      51%        9d9       0%          6
m - Plasma Beam           Fire/Air       49%        2x1d63    1%          6
n - Starburst             Conj/Fire      51%        6d14      0%          6
o - Lehudib's Crystal Sp  Conj/Erth      51%        10d12     1%          8
p - Spellforged Servitor  Conj/Summ      51%        N/A       1%          7
q - Borgnjor's Revivific  Necr           49%        N/A       1%          8
Your spell library was empty.

Dungeon Overview and Level Annotations

Branches:
Dungeon (15/15)            Temple (1/1) D:7            Lair (5/5) D:9
  Swamp (4/4) Lair:2        Snake (4/4) Lair:3        Slime (5/5) Lair:5
    Orc (2/2) D:12            Elf (3/3) Orc:2        Vaults (4/5) D:13
  Crypt (0/3) Vaults:2     Depths (2/4) D:15           Hell (1/1)
    Geh (0/7) Hell        Ossuary (visited)           IceCv (visited)
Volcano (visited)         Gauntlet (visited)
    Dis: Hell:1         Coc: Hell:1         Tar: Hell:1

Altars:
Ashenzari
Cheibriados
Dithmenos
Elyvilon
Fedhas
Gozag
Hepliaklqana
Makhleb
Nemelex Xobeh
Okawaru
Qazlal
Ru
Trog
Uskayaw
Wu Jian
Xom
Yredelemnul
Zin
The Shining One
Jiyva

Shops:
D:5 !==   D:8 :   D:15 *   Orc:2 [!!:[   Elf:2 :=:   Snake:1 :   Snake:2 (=[!:
Snake:3 *   Vaults:2 !   Vaults:3 *   Vaults:4 (!*   Depths:1 (

Portals:
Hell: Depths:1 Depths:2
Pandemonium: Depths:2
Trove: Elf:2 (give +3 storm dragon scales)

Annotations:
D:5 3 runed translucent doors, paps's ghost, weakling OpDe
D:7 2 transporters
D:8 3 runed translucent doors, vurker's ghost, novice VSEn
Swamp:1 3 runed translucent doors, Qyom's ghost, adept HuWn
Swamp:2 2 transporters, exclusion: orange crystal statue
Swamp:3 1 runed translucent door
Slime:5 Royal Jelly
Elf:1 1 runed translucent door, peterlawrence's ghost, adept MiFi
Elf:2 3 runed translucent doors, Heruu's ghost, adept MiHu; Luqutot's ghost, adept MiFi; Vulliutygh's ghost, adept GrFi
Elf:3 2 runed translucent doors, Yphese Lihe's ghost, adept MiFi
Hell Geryon


Innate Abilities, Weirdness & Mutations

You are immune to sickness and miasma.
You are immune to poison.
Your flesh is very heat resistant. (rF++)
You are vulnerable to cold. (rC-)
You float through the air rather than walking.
You learn spells naturally, not from books.
Your magical power is your life essence.
You have superior vitality. (+4 MHP)


Message History

The ice devil is moderately wounded.
The smoke demon gestures at you. Something smites you!
The hell knight invokes the aid of its god against you.
The bolt of fire misses you.
The necromancer casts a spell.
The necromancer binds the souls of nearby monsters.
Casting: Plasma Beam (safe; 1% risk of failure)
Confirm with . or Enter, or press ? or * to list all spells.
Aiming: Lehudib's Crystal Spear (mildly dangerous; 1% risk of failure)
Press: ? - help, Shift-Dir - straight line, f - skeletal warrior
Aim: a skeletal warrior, wielding a +0 trident (lightly damaged, haloed, 86% to hit)
The crystal spear hits the skeletal warrior!!!
The skeletal warrior is almost destroyed.
A necromancer comes into view. It is wielding a +0 dagger.
The skeletal warrior completely misses you.
Casting: Lehudib's Crystal Spear (mildly dangerous; 1% risk of failure)
Confirm with . or Enter, or press ? or * to list all spells.
Aiming: Lehudib's Crystal Spear (mildly dangerous; 1% risk of failure)
Press: ? - help, Shift-Dir - straight line, f/p - skeletal warrior
Aim: a skeletal warrior, wielding a +0 trident (almost destroyed, haloed, 86% to hit)
The crystal spear hits the skeletal warrior!!!
You destroy the skeletal warrior!
* * * LOW HITPOINT WARNING * * *
The ancient champion gestures at you while chanting.
The iron shot misses you.
The hell knight hits you from afar with a +4 demon trident!!
* * * LOW HITPOINT WARNING * * *
A centaur warrior zombie comes into view.
Your base Evocations skill increases to level 17!
The hell knight barely misses you.
The molten gargoyle blasts magma at you!
The bolt of magma misses you.
The ancient champion casts a spell at you.
The iron shot hits you!!
* * * LOW HITPOINT WARNING * * *
The molten gargoyle blasts magma at you!
The bolt of magma hits the hell knight!
The hell knight partially resists.
The bolt of magma hits you!! You partially resist.
You die...

.≈...{.............#,,,,,
≈.§.§{...........#.*,*,,,
.≈§≈§≈{......{.....#,,,,,
≈.≈.≈p.§.......#.#.#,*,*,
.§.≈.≈{.{..4......##*,,,,
≈§§.≈.≈.{...p.##### *****
§§.≈.≈.≈..p.z9.p..##*,,,,
≈§≈.≈.≈......z)#4#.#,*,*,
.§.≈.≈.≈....9.p.@..#,,,,,
≈.≈.≈.......3....#.#,*,{,
§≈.≈............)..#,,{,,
§§................Z{..,,,
,...............z......,,
,......................,,
,,..............p......,,
,,...............Z....,,
,,,.................,,,


You could see 2 ancient champions, 4 hell knights, a skeletal warrior, 2 ice
devils, a necromancer, a smoke demon, 2 molten gargoyles, a centaur warrior
simulacrum and a centaur warrior zombie.

Vanquished Creatures
  Frederick (Vaults:2)
  An ancient lich (Vaults:4)
  Xtahua (Vaults:2)
  Vashnia (Snake:4)
  Jory (Vaults:2)
  Nikola (Swamp:2)
  A bone dragon (Swamp:4)
  Jorgrun (Swamp:1)
  Mlioglotl (Swamp:3)
  Asterion (Snake:2)
  A shard shrike skeleton (Abyss:3)
  2 liches
  2 deep elf blademasters
  4 deep elf master archers (Elf:3)
  A sphinx (Vaults:3)
  16 acid blobs
  Gastronok (D:11)
  2 tengu reavers
  A thorn hunter (Swamp:4)
  A tentacled starspawn (Abyss:3)
  Donald (Swamp:1)
  Roxanne (Elf:2)
  Kirke (Snake:4)
  A revenant (Depths:2)
  4 fire giants
  6 azure jellies
  4 nagarajas
  Aizul (Snake:3)
  9 rockslimes
  2 frost giants (Depths:1)
  13 vault wardens
  4 iron dragons (Depths:1)
  2 deep elf elementalists (Elf:3)
  4 deep elf sorcerers (Elf:3)
  Louise (Swamp:1)
  2 ghouls (Swamp:3)
  13 quicksilver oozes
  10 ironbound preservers
  16 formless jellyfish
  An orc warlord (Vaults:2)
  6 stone giants
  5 very ugly things
  3 deep elf death magi (Elf:3)
  6 deep elf annihilators (Elf:3)
  A vampire knight (Depths:2)
  13 ironbound thunderhulks
  3 eleionomae
  15 dire elephants
  5 deep elf demonologists
  A minotaur (Gauntlet)
  8 starcursed masses (Abyss:3)
  9 bunyips
  4 ettins
  A green death (Abyss:3)
  7 deep elf high priests (Elf:3)
  2 jiangshi (Depths:1)
  12 yaktaur captains
  Josephine (Orc:1)
  2 entropy weavers
  4 fire dragons
  14 great orbs of eyes
  8 vault guards
  5 ogre magi
  Erolcha (D:9)
  4 rakshasas
  2 salamander tyrants (Snake:4)
  14 hydras
  9 ghost crabs
  12 anacondas
  3 spriggan air magi
  5 ironbound frosthearts
  14 alligators
  2 catoblepae
  13 two-headed ogres
  4 alligator snapping turtles (Snake:1)
  8 centaur warriors
  4 tengu warriors
  7 boulder beetles
  An anaconda (shapeshifter) (Elf:1)
  3 deep troll shamans (Depths:1)
  14 naga warriors
  3 deep troll earth magi
  A demonic crawler (Depths:2)
  A death knight (D:14)
  20 dancing weapons
  8 death yaks
  2 vampire magi
  5 orc high priests (Orc:2)
  2 occultists
  8 shock serpents
  A spriggan berserker (Depths:2)
  2 thrashing horrors (Gauntlet)
  13 naga sharpshooters
  A hell knight (Depths:2)
  2 soul eaters (Depths:2)
  2 sun demons
  Sonja (D:13)
  5 iron trolls
  20 deep elf knights
  2 skysharks
  6 skeletal warriors
  2 shadow wraiths (Abyss:3)
  7 goliath frogs
  6 salamander mystics
  3 death drakes
  A titan skeleton (Depths:1)
  9 spriggan druids
  2 sea snakes (Snake:1)
  A sixfirhy (Depths:2)
  7 mana vipers
  7 naga ritualists
  15 deep elf archers
  A glowing orange brain (Abyss:3)
  32 deep trolls
  4 spectral hydras (Swamp:4)
  9 bog bodies
  14 ironbound convokers
  9 arcanists
  4 phantasmal warriors
  4 swamp dragons
  31 deep elf pyromancers
  3 large abominations
  Pikel (D:5)
  12 harpies
  11 orc knights
  8 lindwurms
  26 deep elf zephyrmancers
  10 manticores
  4 necromancers
  6 shining eyes
  An orc sorcerer (D:15)
  A manticore (shapeshifter) (Elf:1)
  5 will-o-the-wisps
  30 ugly things
  A worldbinder (Abyss:3)
  3 cyclopes
  Maurice (D:8)
  9 elephants
  A frost giant skeleton (Depths:1)
  26 salamanders
  41 black mambas
  An elephant (shapeshifter) (Elf:1)
  2 ice statues
  18 vault sentinels
  4 rust devils (Depths:1)
  5 apocalypse crabs
  8 guardian serpents
  4 eyes of devastation (Slime:5)
  3 smoke demons
  18 naga magi
  An unseen horror (D:12)
  A gargoyle (D:10)
  5 molten gargoyles
  12 cane toads
  2 freezing wraiths
  4 swamp worm zombies (Swamp:4)
  8 rime drakes
  A yaktaur (shapeshifter) (Elf:1)
  33 yaktaurs
  4 ice devils
  2 efreet (Volcano)
  9 komodo dragons
  5 kobold demonologists
  2 ancient zymes (Abyss:3)
  2 anaconda simulacra (IceCv)
  3 tengu conjurers
  4 polar bears
  A hellwing (Abyss:3)
  5 trolls
  4 hydra zombies (Swamp:4)
  8 hornets
  2 bloated husks
  12 tyrant leeches
  9 dream sheep (Lair:5)
  A raiju (shapeshifter) (Elf:3)
  25 blink frogs
  3 snapping turtles (Snake:1)
  A spectral swamp dragon (Swamp:4)
  5 glass eyes
  99 slime creatures
  A dire elephant simulacrum (IceCv)
  Sigmund (D:4)
  An air elemental (Elf:1)
  An ettin skeleton (Hell)
  5 shadows
  10 water elementals
  8 spriggans
  A vampire (D:10)
  A ynoxinul (Abyss:3)
  Eustachio (D:4)
  6 wraiths
  6 fire elementals
  2 hogs (shapeshifter) (Elf:2)
  61 yaks
  A culicivora (shapeshifter) (D:15)
  A yak (shapeshifter) (Abyss:3)
  6 wyverns
  5 golden eyes
  A steam dragon (D:8)
  3 wargs
  6 basilisks
  4 hogs (Snake:4)
  A chaos spawn (Abyss:3)
  4 death yak simulacra (IceCv)
  16 humans
  A redback (Vaults:4)
  9 vampire mosquitoes
  Edmund (D:4)
  A swamp worm (shapeshifter) (Depths:1)
  Menkaure (D:4)
  42 nagas
  18 water moccasins
  7 hell hounds
  3 acid dragons
  11 swamp worms
  A human skeleton (Depths:1)
  27 orc warriors
  4 swamp drakes
  3 black bears
  2 laughing skulls
  A sky beast (D:6)
  2 swamp dragon zombies (Swamp:4)
  A centaur (shapeshifter) (Elf:1)
  6 centaurs
  2 tengu (shapeshifter)
  16 ogres
  10 phantoms
  5 kobold brigands
  A weeping skull (Abyss:3)
  19 bullfrogs
  2 elf zombies (Ossuary)
  2 two-headed ogre simulacra (IceCv)
  2 gnoll sergeants
  A necrophage (Swamp:3)
  3 scorpions
  8 small abominations
  2 cane toad simulacra (IceCv)
  6 earth elementals
  5 wights (D:8)
  2 elephant simulacra (IceCv)
  2 electric eels
  A howler monkey (D:12)
  4 bombardier beetles
  5 jellies
  3 hounds
  Crazy Yiuf (D:5)
  35 orc priests
  A gnoll bouda (D:5)
  2 sleepcaps (D:6)
  7 iguanas
  23 orc wizards
  2 polar bear simulacra (IceCv)
  A spectral swamp drake (Swamp:4)
  5 troll simulacra (IceCv)
  8 spriggan simulacra
  4 hell rats (Hell)
  2 wolf simulacra (IceCv)
  A nameless horror (Vaults:4)
  2 hound zombies (Ossuary)
  4 mummies (Ossuary)
  14 gnolls
  4 adders
  7 naga simulacra (IceCv)
  2 swamp drake zombies (Swamp:4)
  A shadow imp (D:7)
  9 white imps
  11 ufetubi
  3 dart slugs
  A ribbon worm (D:4)
  63 orcs
  6 ball pythons
  3 endoplasms
  3 giant cockroaches
  3 hobgoblins
  4 jackals (D:1)
  5 quokkas
  10 bats
  A frilled lizard (D:3)
  7 goblins
  2 goblin zombies (Ossuary)
  2 hobgoblin zombies (Ossuary)
  A jackal zombie (Ossuary)
  16 kobolds
  A kobold zombie (Ossuary)
  An orc zombie (Ossuary)
  7 rats
  A rat zombie (Ossuary)
  A starspawn tentacle (Abyss:3)
1883 creatures vanquished.

Vanquished Creatures (collateral kills)
  A bone dragon (Abyss:3)
  A sphinx (Depths:1)
  A tentacled starspawn (Abyss:3)
  A fire giant (Depths:2)
  A vault warden (Vaults:4)
  3 balrugs
  A reaper (Hell)
  A stone giant (Vaults:3)
  2 ironbound preservers (Vaults:3)
  A vampire knight (Hell)
  An entropy weaver (Vaults:3)
  A fire dragon (Depths:1)
  A hydra (Depths:1)
  A vault guard (Vaults:3)
  2 ironbound frosthearts
  5 two-headed ogres
  A hell knight (Depths:2)
  A soul eater (Hell)
  2 glowing orange brains
  A lindwurm (Vaults:3)
  A harpy (Depths:1)
  2 cyclopes
  2 large abominations (Abyss:3)
  A centaur skeleton (Hell)
  A red devil (Hell)
  A tarantella (Vaults:4)
  14 slime creatures
  A dire elephant simulacrum (Hell)
  4 humans (D:13)
  A starcursed mass (Abyss:3)
  2 redbacks
  2 vampire mosquitoes (D:12)
  A hell hound (Depths:1)
  2 ogres (Vaults:4)
  A weeping skull (Abyss:3)
  A small abomination (Abyss:3)
  A quasit (Abyss:3)
  2 hell rats (Hell)
69 creatures vanquished.

Vanquished Creatures (others)
  A mana viper (Snake:4)
  A bloated husk (Swamp:4)
  A swamp dragon zombie (Swamp:4)
  A hell rat (Hell)
  6 foxfires
  2 snaplasher vines
  A starspawn tentacle (Abyss:3)
13 creatures vanquished.

Grand Total: 1965 creatures vanquished

Notes
Turn   | Place    | Note
-------+----------+-------------------------------------------
     0 | D:1      | Bizboz the Djinni Alchemist began the quest for the Orb.
     0 | D:1      | Bizboz set off with the following spells memorised: Sting,
                  | Mercury Vapours, Mephitic Cloud, Olgreb's Toxic Radiance,
                  | Sticky Flame.
     0 | D:1      | Reached XP level 1. HP: 15/15 MP: 0/0
   100 | D:1      | Reached XP level 2. HP: 22/22 MP: 0/0
   305 | D:1      | Reached XP level 3. HP: 15/26 MP: 0/0
   305 | D:1      | Learned a level 1 spell: Necrotise
   854 | D:2      | Reached skill level 1 in Fighting
   854 | D:2      | Reached skill level 1 in Armour
  1490 | D:3      | Reached XP level 4. HP: 30/32 MP: 0/0
  1748 | D:3      | Found a faded altar of an unknown god.
  2348 | D:4      | Reached XP level 5. HP: 27/38 MP: 0/0
  2348 | D:4      | Learned a level 2 spell: Scorch
  2449 | D:4      | Reached skill level 4 in Ice Magic
  2449 | D:4      | Reached XP level 6. HP: 32/43 MP: 0/0
  2513 | D:4      | Noticed Edmund
  2524 | D:4      | Killed Edmund
  2551 | D:4      | Noticed Sigmund
  2556 | D:4      | Reached XP level 7. HP: 24/49 MP: 0/0
  2556 | D:4      | Learned a level 3 spell: Sigil of Binding
  2558 | D:4      | Noticed Eustachio
  2739 | D:4      | Killed Eustachio
  2886 | D:4      | Noticed Menkaure
  2890 | D:4      | Killed Menkaure
  2891 | D:4      | Reached skill level 5 in Spellcasting
  2891 | D:4      | Reached skill level 5 in Conjurations
  2891 | D:4      | Reached skill level 5 in Hexes
  2891 | D:4      | Reached skill level 5 in Summonings
  2891 | D:4      | Reached skill level 5 in Necromancy
  2891 | D:4      | Reached skill level 5 in Translocations
  2891 | D:4      | Reached skill level 5 in Fire Magic
  2891 | D:4      | Reached skill level 5 in Ice Magic
  2891 | D:4      | Reached skill level 5 in Air Magic
  2891 | D:4      | Reached skill level 5 in Earth Magic
  2891 | D:4      | Reached skill level 5 in Alchemy
  3030 | D:4      | You are sucked into a shaft and drop 2 floors!
  3030 | D:6      | Found a stormy altar of Qazlal.
  3030 | D:6      | Found a shadowy altar of Dithmenos.
  3081 | D:6      | Found a burning altar of Makhleb.
  3097 | D:6      | Found a sand-covered staircase.
  3102 | Ossuary  | Entered an ossuary
  3117 | Ossuary  | Reached XP level 8. HP: 28/56 MP: 0/0
  3664 | D:6      | Reached skill level 5 in Dodging
  3849 | D:5      | Entered Level 5 of the Dungeon
  3867 | D:5      | Found a runed translucent gate.
  3867 | D:5      | Found a runed translucent gate.
  3867 | D:5      | Found a runed translucent gate.
  3868 | D:5      | Noticed paps's ghost (weakling OpDe)
  3873 | D:5      | Identified the +3 ring mail of the Morning Star {rF+ rN+
                  | rCorr}
  3900 | D:5      | Found Vyppeer's Jewellery Shoppe.
  3919 | D:5      | Found Delodo Zufu's Jewellery Shop.
  3942 | D:5      | Found a runed translucent door.
  3943 | D:5      | Noticed Crazy Yiuf
  3959 | D:5      | Killed Crazy Yiuf
  4105 | D:4      | Killed Sigmund
  4106 | D:4      | Reached XP level 9. HP: 52/63 MP: 0/0
  4106 | D:4      | Learned a level 4 spell: Dispel Undead
  4247 | D:4      | Found a glowing silver altar of Zin.
  4443 | D:5      | Found Tinihul's Distillery.
  4447 | D:5      | Bought a potion of heal wounds for 50 gold pieces
  4447 | D:5      | Bought a potion of heal wounds for 50 gold pieces
  4451 | D:5      | Found an ornate altar of the Wu Jian Council.
  4542 | D:5      | Reached skill level 6 in Ice Magic
  4866 | D:6      | Found a runed translucent door.
  5191 | D:5      | Reached skill level 5 in Fighting
  5191 | D:5      | Reached skill level 5 in Armour
  5406 | D:5      | Noticed Pikel
  5425 | D:5      | Killed Pikel
  5702 | D:6      | Reached skill level 7 in Ice Magic
  5702 | D:6      | Reached XP level 10. HP: 47/72 MP: 0/0
  5711 | D:6      | Found a runed translucent door.
  5712 | D:6      | Found a runed translucent door.
  5713 | D:6      | Found a runed translucent door.
  5713 | D:6      | Found a large runed translucent door.
  5713 | D:6      | Found a large runed translucent door.
  6166 | D:7      | Found a snail-covered altar of Cheibriados.
  6505 | D:7      | Found a broken altar of Ashenzari.
  6508 | D:7      | Became a worshipper of Ashenzari the Shackled
  6716 | D:7      | Found a staircase to the Ecumenical Temple.
  6726 | Temple   | Entered the Ecumenical Temple
  6940 | D:7      | Found a transporter.
  6948 | D:7      | Noticed a kobold demonologist
  6957 | D:7      | Noticed a kobold demonologist
  6969 | D:7      | Found a transporter.
  7172 | D:8      | Noticed vurker's ghost (novice VSEn)
  7175 | D:8      | Found a runed translucent gate.
  7176 | D:8      | Found a runed translucent gate.
  7508 | D:8      | Found Redif's Vocational Training.
  7590 | D:8      | Reached skill level 8 in Ice Magic
  7624 | D:8      | Found a shimmering altar of Xom.
  7706 | D:8      | Noticed Maurice
  7714 | D:8      | Killed Maurice
  7715 | D:8      | Reached XP level 11. HP: 55/79 MP: 0/0
  7715 | D:8      | Learned a level 4 spell: Flame Wave
  7899 | D:8      | Reached * piety under Ashenzari
  7899 | D:8      | Identified a scroll of acquirement
  7900 | D:8      | Acquired a staff of fire
  7929 | D:8      | Found a runed translucent gate.
  8102 | D:8      | a scorpion changed into a meliai
  8102 | D:8      | Noticed a meliai (shapeshifter)
  8252 | D:8      | Noticed a meliai
  8280 | D:8      | a meliai changed into a shapeshifter
  8329 | D:9      | Noticed Erolcha
  8337 | D:9      | Killed Erolcha
  8579 | D:9      | Reached ** piety under Ashenzari
  8704 | D:9      | Noticed a two-headed ogre
  8726 | D:9      | Killed a two-headed ogre
  8802 | D:9      | Reached skill level 9 in Ice Magic
  8895 | D:9      | Found a staircase to the Lair.
  9229 | D:9      | Reached *** piety under Ashenzari
  9402 | D:10     | Entered Level 10 of the Dungeon
  9882 | D:5      | Bought an amulet of regeneration for 330 gold pieces
 10171 | D:10     | Identified the +0 short sword "Guohuoh" {spect, Int+3}
 10249 | D:10     | Noticed a two-headed ogre
 10267 | D:10     | Killed a two-headed ogre
 10268 | D:10     | Reached XP level 12. HP: 78/91 MP: 0/0
 10503 | D:11     | Found a gate leading to a gauntlet.
 10508 | Gauntlet | Entered a Gauntlet
 10508 | Gauntlet | Found a transporter.
 10508 | Gauntlet | Found a transporter.
 10512 | Gauntlet | Found a transporter.
 10512 | Gauntlet | Found a transporter.
 10521 | Gauntlet | Found a transporter.
 10524 | Gauntlet | Noticed a catoblepas
 10528 | Gauntlet | Found a transporter.
 10537 | Gauntlet | Noticed a thrashing horror
 10541 | Gauntlet | Found a transporter.
 10541 | Gauntlet | Found a transporter.
 10541 | Gauntlet | Noticed a thrashing horror
 10543 | Gauntlet | Found a transporter.
 10544 | Gauntlet | Identified the ring "Vessioho" {rF+ rC+ EV+5 Dex-2}
 10553 | Gauntlet | Noticed a reaper
 10555 | Gauntlet | Found a transporter.
 10588 | Gauntlet | Found a transporter.
 10648 | Gauntlet | Found a transporter.
 10700 | Gauntlet | Found a transporter.
 10716 | Gauntlet | Found a transporter.
 10895 | Gauntlet | Found a transporter.
 10909 | Gauntlet | Found a transporter.
 11212 | Gauntlet | Killed a thrashing horror
 11212 | Gauntlet | Killed a thrashing horror
 11213 | Gauntlet | Reached skill level 10 in Armour
 11371 | Gauntlet | Found the +5 moon troll leather armour {Spirit, Regen++
                  | MP+5}
 11371 | Gauntlet | Identified the +0 arbalest of the Two Names {flame, Dex+3}
 11371 | Gauntlet | Noticed a minotaur
 11373 | Gauntlet | Killed a minotaur
 11374 | Gauntlet | Reached skill level 10 in Dodging
 11374 | Gauntlet | Reached skill level 10 in Spellcasting
 11374 | Gauntlet | Reached skill level 10 in Conjurations
 11374 | Gauntlet | Reached skill level 10 in Hexes
 11374 | Gauntlet | Reached skill level 10 in Summonings
 11374 | Gauntlet | Reached skill level 10 in Necromancy
 11374 | Gauntlet | Reached skill level 10 in Translocations
 11374 | Gauntlet | Reached skill level 10 in Fire Magic
 11374 | Gauntlet | Reached skill level 10 in Ice Magic
 11374 | Gauntlet | Reached skill level 10 in Air Magic
 11374 | Gauntlet | Reached skill level 10 in Earth Magic
 11374 | Gauntlet | Reached skill level 10 in Alchemy
 11466 | D:11     | Noticed a sun demon
 11615 | D:11     | Noticed Gastronok
 11628 | D:11     | Killed Gastronok
 12010 | D:12     | Noticed a boulder beetle
 12020 | D:12     | Killed a boulder beetle
 12074 | D:12     | Reached XP level 13. HP: 97/98 MP: 0/0
 12074 | D:12     | Learned a level 5 spell: Summon Forest
 12664 | D:12     | Reached skill level 11 in Ice Magic
 12904 | D:12     | Found a staircase to the Orcish Mines.
 12912 | D:12     | Reached skill level 10 in Fighting
 13035 | D:13     | Noticed a rakshasa
 13052 | D:13     | Killed a rakshasa
 13069 | D:13     | Noticed Sonja
 13109 | D:13     | Killed Sonja
 13147 | D:13     | Reached XP level 14. HP: 77/107 MP: 0/0
 13537 | D:13     | Reached **** piety under Ashenzari
 13652 | D:13     | Found a gate to the Vaults.
 13764 | D:14     | Reached skill level 12 in Ice Magic
 14058 | D:14     | Reached ***** piety under Ashenzari
 14540 | D:15     | Entered Level 15 of the Dungeon
 14601 | D:15     | Reached XP level 15. HP: 115/116 MP: 0/0
 14601 | D:15     | Learned a level 6 spell: Bombard
 14877 | D:15     | Reached skill level 15 in Armour
 14890 | D:15     | Found a staircase to the Depths.
 14897 | D:15     | Noticed a fire giant
 14913 | D:15     | Reached skill level 13 in Ice Magic
 14938 | D:15     | Killed a fire giant
 15055 | D:15     | Found Waaroq's Blood Bar.
 15807 | Orc:1    | Entered Level 1 of the Orcish Mines
 15871 | Orc:1    | Noticed Josephine
 15890 | Orc:1    | Killed Josephine
 16281 | Orc:2    | Entered Level 2 of the Orcish Mines
 16598 | Orc:2    | Found Ykle's Armour Shoppe.
 16598 | Orc:2    | Found Vifyx's Distillery.
 16599 | Orc:2    | Found Umemah's Book Emporium.
 16599 | Orc:2    | Found Muebrud's Distillery.
 16847 | Orc:2    | Found a staircase to the Elven Halls.
 16944 | Orc:2    | Found Ockemeb's Armour Shoppe.
 17268 | D:8      | Bought a manual of Evocations for 1040 gold pieces
 17293 | Lair:1   | Entered Level 1 of the Lair of Beasts
 17395 | Lair:1   | Reached skill level 1 in Evocations
 17401 | Lair:1   | Reached XP level 16. HP: 123/124 MP: 0/0
 17718 | Lair:1   | Reached skill level 1 in Staves
 18250 | Lair:2   | Found an ornate altar of the Wu Jian Council.
 18551 | Lair:2   | Found a staircase to the Swamp.
 19193 | Lair:3   | Found a frozen archway.
 19208 | IceCv    | Entered an ice cave
 19341 | IceCv    | Reached skill level 14 in Ice Magic
 19806 | Lair:3   | Reached skill level 5 in Evocations
 20171 | Lair:3   | Found a staircase to the Snake Pit.
 20286 | Lair:3   | Identified the ring of Winter {Ice Fly Str+5 Dex-4 Stlth+}
 20862 | Lair:4   | Found a dark tunnel.
 20867 | Volcano  | Entered a volcano
 21639 | Lair:5   | Entered Level 5 of the Lair of Beasts
 21704 | Lair:5   | Reached XP level 17. HP: 130/131 MP: 0/0
 21704 | Lair:5   | Learned a level 6 spell: Plasma Beam
 22002 | Lair:5   | Found a staircase to the Slime Pits.
 23023 | Swamp:1  | Entered Level 1 of the Swamp
 23030 | Swamp:1  | Noticed Donald
 23034 | Swamp:1  | Reached skill level 15 in Ice Magic
 23035 | Swamp:1  | Killed Donald
 23088 | Swamp:1  | Identified the -1 tower shield of Ravioli {rPois Will+++
                  | Str-5 SInv}
 23088 | Swamp:1  | Noticed Louise
 23098 | Swamp:1  | Killed Louise
 23126 | Swamp:1  | Found a runed translucent gate.
 23127 | Swamp:1  | Found a runed translucent gate.
 23128 | Swamp:1  | Found a runed translucent gate.
 23128 | Swamp:1  | Noticed Qyom's ghost (adept HuWn)
 23146 | Swamp:1  | Reached skill level 5 in Staves
 23146 | Swamp:1  | Reached skill level 15 in Dodging
 23172 | Swamp:1  | Noticed Jorgrun
 23174 | Swamp:1  | Killed Jorgrun
 23597 | Swamp:2  | Noticed a thorn hunter
 23597 | Swamp:2  | Identified the +0 short sword of Conflict {drain, +Blink}
 23597 | Swamp:2  | Identified the +2 pair of gloves of Autumn {Fly rPois Str+2
                  | Int+2}
 23597 | Swamp:2  | Found a transporter.
 23600 | Swamp:2  | Identified the +0 plate armour of Gluttony {rF+ rC+}
 23600 | Swamp:2  | Identified the amulet "Qafruen" {RegenMP Int+3 Slay+2}
 23606 | Swamp:2  | Noticed a tentacled monstrosity
 23608 | Swamp:2  | Noticed Nikola
 23610 | Swamp:2  | Killed Nikola
 23618 | Swamp:2  | Found a transporter.
 23685 | Swamp:2  | Reached XP level 18. HP: 90/139 MP: 0/0
 24206 | Swamp:3  | Reached skill level 15 in Spellcasting
 24206 | Swamp:3  | Reached skill level 15 in Conjurations
 24206 | Swamp:3  | Reached skill level 15 in Hexes
 24206 | Swamp:3  | Reached skill level 15 in Summonings
 24206 | Swamp:3  | Reached skill level 15 in Necromancy
 24206 | Swamp:3  | Reached skill level 15 in Translocations
 24206 | Swamp:3  | Reached skill level 15 in Fire Magic
 24206 | Swamp:3  | Reached skill level 15 in Air Magic
 24206 | Swamp:3  | Reached skill level 15 in Earth Magic
 24206 | Swamp:3  | Reached skill level 15 in Alchemy
 24239 | Swamp:3  | Found the +7 mace of Variability {chaos, chaos arc}
 24445 | Swamp:3  | Found a runed translucent door.
 24461 | Swamp:3  | Reached skill level 16 in Ice Magic
 24691 | Swamp:3  | Reached skill level 10 in Evocations
 24744 | Swamp:3  | Noticed Mlioglotl
 24750 | Swamp:3  | Killed Mlioglotl
 24950 | Swamp:4  | Entered Level 4 of the Swamp
 25494 | Swamp:4  | Noticed a bone dragon
 25496 | Swamp:4  | Reached XP level 19. HP: 62/147 MP: 0/0
 25496 | Swamp:4  | Learned a level 6 spell: Starburst
 25553 | Swamp:4  | Killed a bone dragon
 25693 | Swamp:4  | Got a decaying rune of Zot
 25873 | Snake:1  | Entered Level 1 of the Snake Pit
 25925 | Snake:1  | Found Aquri's Book Shop.
 26138 | Snake:1  | Identified the +3 shortbow "Ywuwusis" {speed, Will+ rCorr
                  | Int+4 Dex+3}
 26560 | Snake:1  | Reached skill level 17 in Ice Magic
 27073 | Snake:2  | Found Pukemp's Distillery.
 27075 | Snake:2  | Found Oruqor's Armour Boutique.
 27075 | Snake:2  | Found Rypufan's Jewellery Shop.
 27080 | Snake:2  | Bought a potion of ambrosia for 120 gold pieces
 27080 | Snake:2  | Bought a potion of curing for 45 gold pieces
 27080 | Snake:2  | Bought a potion of curing for 45 gold pieces
 27080 | Snake:2  | Bought a potion of curing for 45 gold pieces
 27080 | Snake:2  | Bought a potion of curing for 45 gold pieces
 27080 | Snake:2  | Found Ampaig's Weapon Shop.
 27173 | Snake:2  | Noticed Asterion
 27182 | Snake:2  | Killed Asterion
 27313 | Snake:2  | Found Ulap Gaf's Self-Improvement Boutique.
 27934 | Snake:3  | Reached skill level 15 in Fighting
 28289 | Snake:3  | Reached XP level 20. HP: 135/155 MP: 0/0
 28296 | Snake:3  | Found Edaym's General Store.
 28511 | Snake:3  | Bought a scroll of enchant armour for 82 gold pieces
 28643 | Snake:4  | Entered Level 4 of the Snake Pit
 28790 | Snake:4  | Identified the serpent talisman "Zeqeg" {SInv}
 28790 | Snake:4  | Noticed Aizul
 28811 | Snake:3  | Killed Aizul
 28981 | Snake:4  | Noticed Kirke
 28997 | Snake:4  | Killed Kirke
 29138 | Snake:4  | Reached skill level 18 in Ice Magic
 29320 | Snake:4  | Noticed Vashnia
 29492 | Snake:4  | Killed Vashnia
 30083 | Snake:2  | Bought a manual of Conjurations for 1680 gold pieces
 30198 | Snake:4  | Got a serpentine rune of Zot
 30531 | Slime:1  | Entered Level 1 of the Pits of Slime
 30925 | Slime:1  | Reached XP level 21. HP: 102/162 MP: 0/0
 30925 | Slime:1  | Learned a level 8 spell: Lehudib's Crystal Spear
 31281 | Slime:5  | Entered Level 5 of the Pits of Slime
 31695 | D:15     | Upgraded the game from 0.31-a0-1547-g618ab1f346 to
                  | 0.31-a0-1555-g5715333c33
 32444 | Slime:5  | Noticed the Royal Jelly
 32666 | Slime:5  | Reached skill level 19 in Ice Magic
 33439 | Slime:5  | Found a viscous altar of Jiyva.
 33442 | Slime:5  | Identified the +1 helmet of the Salamander {rElec Dex+3}
 33442 | Slime:5  | Identified the staff "Titwaubo" {rPois Earth}
 33442 | Slime:5  | Identified Juojaecs's Annotations on Icy Topology
 33491 | Slime:5  | Identified the +6 long sword of Guile {freeze, rPois rN+
                  | Int-5}
 33500 | Slime:5  | Identified the +9 war axe "Haimn" {heavy, *Noise Dex+5
                  | Stlth+}
 34499 | Vaults:1 | Entered Level 1 of the Vaults
 34787 | Vaults:1 | Reached skill level 10 in Staves
 34890 | Vaults:1 | Reached XP level 22. HP: 165/169 MP: 0/0
 36145 | Vaults:2 | Noticed Xtahua
 36156 | Vaults:2 | Killed Xtahua
 36479 | Vaults:2 | Reached skill level 15 in Evocations
 36751 | Vaults:2 | Identified the orb of Somewhere Else {*channel, Int-2 Conj
                  | Air}
 36751 | Vaults:2 | Noticed Frederick
 36768 | Vaults:2 | Killed Frederick
 36769 | Vaults:2 | Reached skill level 20 in Ice Magic
 37069 | Vaults:2 | Noticed Jory
 37083 | Vaults:2 | Killed Jory
 37142 | Vaults:2 | Found a staircase to the Crypt.
 37143 | Vaults:2 | Found a basalt altar of Yredelemnul.
 37172 | Vaults:2 | Found Siehos's Distillery.
 37197 | Vaults:2 | Identified the +8 trident of Letimog {holy, rElec rC+
                  | Stlth+}
 37228 | Vaults:2 | Identified the amulet "Cemeunt" {Faith Stlth+}
 37319 | Vaults:2 | Bought a potion of curing for 60 gold pieces
 37319 | Vaults:2 | Bought a potion of curing for 60 gold pieces
 37319 | Vaults:2 | Bought a potion of invisibility for 160 gold pieces
 37455 | Vaults:3 | Found Oneomir's Assorted Antiques.
 37590 | Vaults:3 | Reached XP level 23. HP: 123/171 MP: 0/0
 37590 | Vaults:3 | Learned a level 7 spell: Spellforged Servitor
 38927 | Vaults:4 | Found Elawn's General Store.
 38983 | Vaults:4 | Found Heawkono's Distillery.
 39042 | Vaults:4 | Found Osimiov's Antique Weapon Boutique.
 39100 | Vaults:4 | Noticed an ancient lich
 39113 | Vaults:4 | Killed an ancient lich
 39154 | Vaults:4 | Reached skill level 21 in Ice Magic
 39228 | Vaults:4 | Identified the +8 halberd of Laschinua {flame, Str+3}
 40328 | Elf:1    | Entered Level 1 of the Elven Halls
 40370 | Elf:1    | Found a runed translucent door.
 40379 | Elf:1    | Noticed peterlawrence's ghost (adept MiFi)
 40412 | Elf:1    | Reached XP level 24. HP: 173/179 MP: 0/0
 40497 | Elf:1    | Paralysed by an air elemental for 1 turns
 40935 | Elf:2    | Found a portal to a secret trove of treasure.
 40988 | Elf:2    | Identified the granite talisman of the Ghostly God {rCorr
                  | Str-4 Dex-3 SInv}
 40988 | Elf:2    | Noticed Roxanne
 40995 | Elf:2    | Killed Roxanne
 41077 | Elf:2    | Found a runed translucent gate.
 41077 | Elf:2    | Found a runed translucent gate.
 41101 | Elf:2    | Found a runed translucent gate.
 41707 | Elf:2    | Reached ****** piety under Ashenzari
 41868 | Elf:2    | Found Piwnan's Book Shoppe.
 41868 | Elf:2    | Found Fileuske's Jewellery Boutique.
 41869 | Elf:2    | Found Eshasoz's Book Shoppe.
 41945 | Elf:2    | Found a runed translucent gate.
 41945 | Elf:2    | Found a runed translucent gate.
 41945 | Elf:2    | Found a runed translucent gate.
 41946 | Elf:2    | Noticed Heruu's ghost (adept MiHu)
 41946 | Elf:2    | Noticed Vulliutygh's ghost (adept GrFi)
 41947 | Elf:2    | Noticed Luqutot's ghost (adept MiFi)
 41947 | Elf:2    | Noticed Vulliutygh's ghost (adept GrFi)
 41996 | Elf:3    | Entered Level 3 of the Elven Halls
 42363 | Elf:3    | Reached skill level 1 in Shapeshifting
 42918 | Elf:3    | Found a large runed translucent door.
 42918 | Elf:3    | Found a large runed translucent door.
 42919 | Elf:3    | Noticed Yphese Lihe's ghost (adept MiFi)
 43148 | Elf:3    | Identified the +3 mace "Ahosch" {freeze, rPois}
 43413 | Elf:3    | Reached XP level 25. HP: 182/186 MP: 0/0
 43413 | Elf:3    | Learned a level 8 spell: Borgnjor's Revivification
 43444 | Abyss:3  | Cast into level 3 of the Abyss (a deep elf sorcerer)
 43472 | Abyss:3  | Found a corrupted altar of Lugonu.
 43483 | Abyss:3  | Found a corrupted altar of Lugonu.
 43483 | Abyss:3  | Found a corrupted altar of Lugonu.
 43513 | Abyss:3  | Reached skill level 22 in Ice Magic
 43632 | Elf:3    | Escaped the Abyss
 43650 | Elf:3    | Identified the +4 ring mail of Biroy {rElec Int+3 Stlth-}
 43679 | Elf:3    | Identified the +0 halberd "Dunoij" {flame, rElec Dex+3}
 43679 | Elf:3    | Identified the +1 hand axe of the Witching Coward {elec,
                  | +Blink Str+2}
 43680 | Elf:3    | Identified the Cyclopedia of the Cartwright
 43680 | Elf:3    | Identified the +11 falchion of Uncomfortable Rashes {flame,
                  | rElec Str-3 Dex+5}
 43706 | Elf:3    | Found the +1 robe of Vines {NoPotionHeal Regen++++}
 43718 | Elf:3    | Identified the +0 rapier "Citaptih" {flame, *Rage rElec
                  | Str-4 Int+8}
 45258 | Depths:1 | Entered Level 1 of the Depths
 45258 | Depths:1 | Found Keyteaba's Antique Weapon Boutique.
 45777 | Depths:1 | Found a sacrificial altar of Ru.
 46131 | Depths:1 | Reached skill level 1 in Throwing
 46133 | Depths:1 | Found a gateway to Hell.
 46347 | Hell     | Entered the Vestibule of Hell
 46357 | Hell     | Noticed Geryon
 46461 | Depths:2 | Found a blossoming altar of Fedhas.
 46791 | Depths:2 | Found a one-way gate leading to the halls of Pandemonium.
 47454 | Hell     | HP: 5/178 [vampire knight/+0 bardiche (31)]
 47465 | Hell     | Found a gateway to the ashen valley of Gehenna.
 47470 | Hell     | Reached XP level 26. HP: 56/188 MP: 0/0
 47487 | Hell     | Killed from afar by a molten gargoyle

Illustrated notes

Levels and vault maps discovered:
D:1:      dpeg_arrival_subterranean_lakeside_camping, layout_rooms
D:2:      layout_rooms, roderic_serpentine_path
D:3:      layout_loops_ring, shapermc_ecumenical_altar_mp_highgroup,
          kennysheep_decorative_pillar, minmay_misc_feat_ornament
D:4:      layout_loops_ring, zin_scriptorium, uniq_edmund, uniq_sigmund,
          uniq_menkaure, uniq_duvessa, uniq_eustachio
D:5:      kennysheep_six_static_rooms, layout_rooms, lemuel_round_altar,
          serial_shops, shop, nicolae_shop_trees,
          nicolae_shop_tiny_statue_garden, gammafunk_ghost_nasty_kobolds,
          uniq_pikel, uniq_crazy_yiuf_cottage
D:6:      layout_loops_cross, chequers_temple_overflow_statue_of_worship,
          gammafunk_temple_overflow_wave, enter_ossuary_2,
          lightli_church_of_beogh
D:7:      gammafunk_wand_slinger, layout_basic, kennysheep_mini,
          lemuel_coloured_pillars_altar, minmay_temple_entry_stoned_glass,
          amcnicky_mini_pool_small
D:8:      layout_loops_ring, nicolae_overflow_crystal_walls,
          gammafunk_ghost_split, nicolae_shop_vocational, uniq_maurice
D:9:      layout_gridville, david_lair_shrubbed, uniq_erolcha
D:10:     layout_loops_ring, mainiacjoe_overflow_concentric_impassable,
          minmay_misc_feat_tiny
D:11:     layout_loops_ring, gauntlet_entry_generic, uniq_gastronok
D:12:     layout_irregular_city, kennysheep_orc_monster_closet_entryway
D:13:     layout_big_octagon, grunt_vaults_entry_tiered, uniq_sonja
D:14:     minmay_s_stair_smasher, layout_basic, hangedman_abyss_or_decor_slice
D:15:     grunt_enter_depths_giant_problem, layout_irregular_city,
          guppyfry_shop_blood
Temple:   nicolae_temple_hex_pool
Lair:1:   layout_concentric_octagons, grunt_megastairs_3
Lair:2:   layout_long_grid, swamp_mist_pool, basic_altar,
          chequers_serial_rivers_small_b, minmay_shattered_shrine
Lair:3:   layout_gridlike, alex1729_snake_entry_snake,
          portal_ice_cave_entry_pillars_1
Lair:4:   layout_big_grid, enter_volcano_1, nicolae_quartered_pool_little,
          serial_bayou_pond_c, beast_lair_carwin_5
Lair:5:   hangedman_lair_in_review, layout_loops_ring, slime_entry_1,
          eino_small_chamber_without_monster
Swamp:1:  layout_basic_swamp, gammafunk_ghost_necromancy,
          evilmike_swamp_ruin_house_4, swamp_pool_4, nicolae_swamp_tree_designs,
          uniq_jorgrun, uniq_donald, uniq_louise
Swamp:2:  gammafunk_sealed_arena, layout_falls_marsh,
          evilmike_swamp_ruin_house_3, swamp_pool_1_2, uniq_nikola
Swamp:3:  gammafunk_mikee_crab_dinner, layout_basic_swamp,
          evilmike_swamp_ruin_rubble_1, uniq_mlioglotl
Swamp:4:  swamp_pestilence, layout_basic_swamp, swamp_pool_5,
          nicolae_swamp_bloodsuckers_inc
Snake:1:  layout_misc_corridors, serial_shops, nicolae_book_shop_shelving,
          serial_library_hellmonk_u_bend, serial_bayou_pond_e, drop_trap,
          serial_library_hellmonk_double_dead_end,
          nicolae_snake_herptile_family_reunion
Snake:2:  layout_chambers, nicolae_shop_self_help, minmay_shoptagon,
          uniq_asterion
Snake:3:  layout_rooms, serial_shops, shop_coins
Snake:4:  grunt_snake_rune_pools, layout_cave_town, grunt_megastairs_4,
          uniq_aizul, uniq_vashnia, uniq_kirke
Slime:1:  layout_caves
Slime:2:  layout_caves
Slime:3:  layout_caves
Slime:4:  layout_caves
Slime:5:  slime_pit_nicolae_block_by_block
Orc:1:    nicolae_orc_accident_2, layout_diamond_mine, uniq_josephine
Orc:2:    st_orc_pillars, layout_caves, special_room, serial_shops,
          nicolae_shop_trees
Elf:1:    layout_rooms, ebering_ghost_reflecting_pool,
          nicolae_elf_shapeshifter_party
Elf:2:    elven_hall_of_blades_hangedman_original
          [nicolae_vaults_blade_armed_guards], layout_gridlike,
          gammafunk_ghost_cemetery, nicolae_trove_entry_free_sample,
          minmay_shop_grove, uniq_roxanne
Elf:3:    minmay_elf_hall_not_hex, layout_loops_corners,
          ebering_ghost_disaster_area, kb_rosetta
Vaults:1: nicolae_vaults_doubleplus_tesselated, grunt_vaults_swirl,
          v_alt_pattern_3, nicolae_vaults_specimen_jars,
          nicolae_vaults_oval_intersection, vaults_room_semicircle, v_misc_17,
          vaults_mumra_minichess, nicolae_vaults_network_square,
          layout_vaults_omnigrid
Vaults:2: nicolae_vaults_ninety_degrees, v_rooms_6, nicolae_vaults_house_3,
          nicolae_vaults_double_plus_1, serial_ice_m, vaults_dpeg_doors,
          dpeg_vaults_monster_box, v_misc_5, minmay_crypt_entry_necro_gods,
          ontoclasm_vaults_spin, v_misc_3, vaults_room_semicircle,
          vaults_room_hangedman_quadrants, v_misc_19, vaults_room_pool,
          nicolae_vaults_layer_cake_slice, layout_vaults_omnibox, serial_shops,
          nicolae_shop_industrial_runoff, uniq_jory, uniq_xtahua, uniq_frederick
Vaults:3: nicolae_vaults_shock_wave, nicolae_vaults_big_angled_halls,
          nicolae_vaults_windows_and_doors_thing, v_pattern_4,
          hangedman_vaults_maws, dpeg_vaults_monster_row, v_misc_30, v_misc_10,
          vaults_room_pools, nicolae_vaults_tetromino_L_1,
          nicolae_vaults_tetromino_L_1, layout_vaults_omnicross, serial_shops,
          shop
Vaults:4: nicolae_vaults_trapezoid_1, vaults_dpeg_encased_lava, v_pattern_3,
          nicolae_vaults_what_the_h, ontoclasm_vaults_fault,
          vaults_mumra_hexcomb, ontoclasm_vaults_gallery,
          nicolae_vaults_network_star, vaults_dpeg_hooks, vaults_dpeg_diagonal,
          vaults_room_door_ring, v_misc_11, layout_vaults_big_room,
          serial_shops, nicolae_shop_just_a_little_nook, shop, shop
Depths:1: layout_cave_pools, pf_coc_iceberg, serial_glass, glass_columns_b,
          glass_columns_b, glass_columns_a, glass_columns_b, glass_columns_a,
          glass_columns_c, serial_shops, nicolae_shop_advertising_works
          [nicolae_subvault_shop_adworks], nicolae_ru_path_of_blood,
          special_room [special_room_mythical_zoo], minivault_16,
          minmay_metal_thing
Depths:2: grunt_deathspiral_large, layout_cave_pools, grunt_hell_entry_dis_mu,
          rand_demon_pan_entry_3, fedhas_altar_fruit_tree
Hell

Skill      XL: |  1  2  3  4  5  6  7  8  9 10 11 12 13 14 15 16 17 18 19 20 21 22 23 24 25 26 |
---------------+-------------------------------------------------------------------------------+-----
Fighting       | 1 2 3 4 5 7 8 9 10 11 12 13 14 15 16 17 18 | 18.4
Armour         | 1 2 3 4 5 7 9 11 13 14 15 16 17 18 19 20 | 20.6
Dodging        | 3 4 5 6 8 9 10 11 12 13 14 15 16 17 18 19 20 | 20.0
Spellcasting   | 4 5 7 8 9 10 11 12 13 14 15 16 17 18 19 | 19.1
Conjurations   | 4 5 7 8 9 10 11 12 13 14 15 16 17 18 19 20 21 | 21.4
Hexes          | 4 5 7 8 9 10 11 12 13 14 15 16 17 18 19 | 19.1
Summonings     | 4 5 7 8 9 10 11 12 13 14 15 16 17 18 19 | 19.1
Necromancy     | 4 5 7 8 9 10 11 12 13 14 15 16 17 18 19 | 19.1
Translocations | 4 5 7 8 9 10 11 12 13 14 15 16 17 18 19 | 19.1
Fire Magic     | 4 5 7 8 9 10 11 12 13 14 15 16 17 18 19 | 19.1
Ice Magic      | 4 5 7 8 9 10 11 12 13 14 15 16 17 18 19 20 21 22 | 22.7
Air Magic      | 4 5 7 8 9 10 11 12 13 14 15 16 17 18 19 | 19.1
Earth Magic    | 4 5 7 8 9 10 11 12 13 14 15 16 17 18 19 | 19.1
Alchemy        | 4 5 7 8 9 10 11 12 13 14 15 16 17 18 19 | 19.1
Evocations     | 1 6 8 10 12 13 14 15 16 17 | 17.0
Staves         | 3 5 6 8 9 10 11 12 13 | 13.0
Shapeshifting  | 2 4 |  4.4
Throwing       | 2 |  2.8
Stealth        | |  1.5

Action                     |  1- 3 |  4- 6 |  7- 9 | 10-12 | 13-15 | 16-18 | 19-21 | 22-24 | 25-27 || total
---------------------------+-------+-------+-------+-------+-------+-------+-------+-------+-------++-------
  Melee: Staff             |       |       |       |     9 |    10 |    36 |       |     1 |     3 ||    59
   Cast: Sting             |    75 |    59 |    42 |     8 |       |     3 |     1 |       |       ||   188
         Mephitic Cloud    |       |     4 |    20 |    23 |    40 |     8 |       |     2 |     1 ||    98
         Scorch            |       |    10 |    88 |    98 |    42 |    13 |     1 |       |       ||   252
         Olgreb's Toxic Ra |       |       |    21 |    84 |   231 |   121 |     7 |    24 |    18 ||   506
         Sticky Flame      |       |       |     1 |    42 |    40 |    16 |     1 |     1 |     1 ||   102
         Flame Wave        |       |       |       |    11 |    35 |    59 |     6 |       |       ||   111
         Sigil of Binding  |       |       |       |     1 |       |       |       |       |       ||     1
         Summon Forest     |       |       |       |       |    12 |       |       |       |       ||    12
         Dispel Undead     |       |       |       |       |     1 |       |       |       |       ||     1
         Bombard           |       |       |       |       |       |    54 |     9 |       |     1 ||    64
         Plasma Beam       |       |       |       |       |       |   234 |   523 |   484 |   175 ||  1416
         Lehudib's Crystal |       |       |       |       |       |       |    44 |    47 |    66 ||   157
         Spellforged Servi |       |       |       |       |       |       |       |    12 |    13 ||    25
         Starburst         |       |       |       |       |       |       |       |       |     6 ||     6
 Invoke: Curse Item        |       |       |       |     6 |     3 |     2 |       |     2 |       ||    13
         Shatter the Chain |       |       |       |     1 |       |     2 |       |     1 |       ||     4
    Use: Potion            |       |       |     1 |     1 |     1 |     1 |     2 |     2 |     5 ||    13
         Scroll            |       |       |       |     1 |     1 |     1 |     7 |     1 |     5 ||    16
   Stab: Confused          |       |       |       |     2 |       |     1 |       |       |       ||     3
 Armour: Robe              |    14 |     4 |    41 |    13 |       |       |       |       |       ||    72
         Steam dragon scal |       |       |       |    51 |       |       |       |       |       ||    51
         Troll leather arm |       |       |       |    19 |   192 |   246 |   203 |    83 |    78 ||   821
  Dodge: Dodged            |    37 |    13 |    65 |    95 |   252 |   394 |   329 |   123 |   147 ||  1455

Table legend: (Time is in decaauts)
 A = Elapsed time spent in this place.
 B = Non-inter-level travel time spent in this place.
 C = Inter-level travel time spent in this place.
 D = Time resting spent in this place.
 E = Time spent auto-exploring this place.
 F = Levels seen in this place.
 G = Mean time per level.
                   A        B        C        D        E       F      G
               +--------+--------+--------+--------+--------+-----+--------+
         Total |  47586 |  43848 |   3738 |    850 |  11738 |  51 |  933.1 |
       Dungeon |  16220 |  14161 |   2059 |    508 |   5736 |  15 | 1081.3 |
        Temple |     11 |     11 |      0 |      0 |      0 |   1 |   11.0 |
          Lair |   4844 |   4221 |    623 |     19 |   1122 |   5 |  968.8 |
         Swamp |   2771 |   2691 |     80 |      0 |    805 |   4 |  692.8 |
     Snake Pit |   4618 |   4273 |    345 |     72 |   1904 |   4 | 1154.5 |
    Slime Pits |   3332 |   3332 |      0 |     30 |    458 |   5 |  666.4 |
  Orcish Mines |   1593 |   1353 |    240 |      0 |    328 |   2 |  796.5 |
   Elven Halls |   3871 |   3688 |    183 |      0 |    593 |   3 | 1290.3 |
        Vaults |   5727 |   5522 |    205 |      0 |    587 |   4 | 1431.8 |
        Depths |   2135 |   2135 |      0 |     42 |    131 |   2 | 1067.5 |
          Hell |     97 |     97 |      0 |      0 |      0 |   1 |   97.0 |
         Abyss |    192 |    192 |      0 |      0 |      0 |   1 |  192.0 |
       Ossuary |    522 |    522 |      0 |    150 |      0 |   1 |  522.0 |
      Ice Cave |    589 |    589 |      0 |      0 |     40 |   1 |  589.0 |
       Volcano |    161 |    161 |      0 |      0 |     26 |   1 |  161.0 |
      Gauntlet |    896 |    896 |      0 |     29 |      8 |   1 |  896.0 |
               +--------+--------+--------+--------+--------+-----+--------+

Top non-repeatable levels by time:
   Elf:3: 1804 daAuts
Vaults:1: 1673 daAuts
    D:15: 1632 daAuts
 Snake:4: 1629 daAuts
    D:12: 1445 daAuts
   Elf:2: 1437 daAuts
Vaults:3: 1409 daAuts
Vaults:4: 1346 daAuts
 Snake:2: 1315 daAuts
     D:8: 1299 daAuts
Vaults:2: 1297 daAuts
 Slime:5: 1272 daAuts
     D:5: 1247 daAuts
     D:9: 1212 daAuts
     D:7: 1179 daAuts
